 Dungeon Crawl Stone Soup version 0.30.1-9-gdf580d7c3d (webtiles) character file.

Game seed: 3431443097700875557

350 Kranky the Covered (level 6, 0/56 HPs)
             Began as a Minotaur Fighter on Oct 22, 2023.
             Slain by Sigmund
             ... wielding a +2 scythe of protection
              (9 damage)
             ... on level 3 of the Dungeon.
             The game lasted 00:03:14 (2532 turns).

Kranky the Covered (Minotaur Fighter)               Turns: 2532, Time: 00:03:15

Health: 0/56       AC: 13    Str: 22    XL:     6   Next: 34%
Magic:  5/5        EV:  7    Int:  5    God:
Gold:   144        SH:  0    Dex: 10    Spells: 5/5 levels left

rFire   . . .        a - +0 trident
rCold   . . .        c - +0 buckler
rNeg    . . .        m - +0 plate armour
rPois   .            (helmet restricted)
rElec   .            l - +0 cloak
rCorr   .            (no gloves)
SInv    .            (no boots)
Will    .....        (no amulet) Stlth
                     (no ring)
HPRegen 0.29/turn    (no ring)
MPRegen 0.09/turn

%: no passive effects
@: confused
A: horns 2, retaliatory headbutt
a: no special abilities


You were on level 3 of the Dungeon.
You visited 1 branch of the dungeon, and saw 3 of its levels.

You collected 144 gold pieces.

Inventory:

Hand Weapons
 a - a +0 trident (weapon)
Armour
 b - a +0 scale mail
 c - a +0 buckler (worn)
 l - a +0 cloak (worn)
 m - a +0 plate armour (worn)
 s - a +0 tower shield
Jewellery
 t - a ring of resist corrosion
 v - the ring "Mecwef" {Fly rC+ rN++ Dex-2}
   (You found it on level 3 of the Dungeon)

   [ring of flight]

   Dex:       It affects your dexterity (-2).
   rC:        It protects you from cold.
   rN:        It greatly protects you from negative energy.
   Fly:       It grants you flight.
Scrolls
 e - a scroll of teleportation {unknown}
 f - 4 scrolls of identify {unknown}
 g - 2 scrolls of amnesia {unknown}
 h - 2 scrolls of fear {unknown}
 k - a scroll of enchant weapon {unknown}
 n - 2 scrolls of magic mapping {unknown}
 p - a scroll of poison {unknown}
 q - a scroll of brand weapon {unknown}
 w - a scroll of noise {unknown}
Potions
 d - a potion of might
 i - a potion of attraction {unknown}
 j - 2 potions of lignification {unknown}
 o - 2 potions of curing {unknown}
 r - 2 potions of berserk rage {unknown}
 u - 3 potions of haste {unknown}


   Skills:
 + Level 5.0 Fighting
 + Level 4.2 Polearms
 + Level 5.0 Armour
 + Level 2.9 Dodging
 + Level 5.0 Shields


You had 5 spell levels left.
You didn't know any spells.
Your spell library contained the following spells:

 Spells                   Type           Power      Damage    Failure   Level
 Apportation              Tloc           0%         N/A       100%        1
 Necrotise                Necr           0%         1d4       100%        1
 Summon Small Mammal      Summ           0%         N/A       100%        1
 Ensorcelled Hibernation  Hex/Ice        0%         N/A       100%        2
 Passwall                 Tmut/Erth      0%         N/A       100%        2
 Sublimation of Blood     Necr           0%         N/A       100%        2
 Wereblood                Tmut           0%         N/A       100%        2
 Swiftness                Air            0%         N/A       100%        3
 Olgreb's Toxic Radiance  Pois           0%         N/A       100%        4
 Summon Hydra             Summ           0%         N/A       100%        7
 Discord                  Hex            0%         N/A       100%        8
 Ignition                 Fire           0%         3d3       100%        8


Dungeon Overview and Level Annotations

Branches:
Dungeon (3/15)

Altars:

Annotations:
D:3 Sigmund


Innate Abilities, Weirdness & Mutations

You have a pair of horns on your head.
You reflexively headbutt those who attack you in melee.


Message History

Something hits you but does no damage. Something hits you.
You feel less confused.
You hit something.
You hear some strange, mumbled words.
A magic dart appears from out of thin air!
The magic dart hits you.
You miss something.
You hear some strange, mumbled words.
A puff of flame appears from out of thin air!
The puff of flame misses you.
You hit something. Your headbutt misses something.
You hear some strange, mumbled words.
You are confused.
Something hits you!
* * * LOW HITPOINT WARNING * * *
Items here: )) [[ †.
Something hits you.
* * * LOW HITPOINT WARNING * * *
Things that are here:
a +0 flail; a +0 ring mail You miss something.
Your headbutt misses something.
Sigmund appears from thin air!
Reactivating autopickup.
Sigmund laughs darkly.
Sigmund hits you but does no damage.
Items here: )) [[ †.
Sigmund closely misses you.
Things that are here:
a +0 flail; a +0 ring mail You barely miss Sigmund.
Your headbutt misses Sigmund.
Sigmund is almost dead.
Sigmund casts a spell at you.
You are more confused.
You bump into the rock wall.
Sigmund hits you with a +2 scythe of protection.
* * * LOW HITPOINT WARNING * * *
You bump into the rock wall.
Sigmund attacks as you move away!
Sigmund hits you with a +2 scythe of protection!
You die...

# ....###########.# .
#....#...........# ##.
#####....#.###.#####.#
#..##........#.#.#.#...#.#
.......... #.#.#.#.###.#
#......# #...#.#......
#......# #####.#######
#....@.# #...#.#......
#....)@# #.#.#.#.###.#
##.....# #.#.#.# #.#
####..# #.###.#####.#
#########.####...........#
#......##...############.#
#......####........#...#.#
#####......#
######.#.))#.#.#
#...#......# #.###)#.#.#
#...#......# #)# #.###.#


You could see Sigmund.

Vanquished Creatures
  Grinder (D:3)
  An orc wizard (D:3)
  Robin (D:3)
  3 adders (D:2)
  A dart slug (D:2)
  A worm (D:2)
  3 orcs (D:3)
  5 ball pythons
  4 endoplasms
  3 giant cockroaches
  14 goblins
  6 hobgoblins
  2 jackals (D:2)
  5 kobolds
  3 quokkas (D:1)
  6 bats
  3 frilled lizards
  6 rats
68 creatures vanquished.

Notes
Turn   | Place    | Note
-------+----------+-------------------------------------------
     0 | D:1      | Kranky the Minotaur Fighter began the quest for the Orb.
     0 | D:1      | Reached XP level 1. HP: 19/19 MP: 0/0
   145 | D:1      | Reached XP level 2. HP: 27/27 MP: 1/1
   315 | D:1      | Found a faded altar of an unknown god.
   430 | D:1      | Reached skill level 1 in Dodging
   766 | D:2      | Reached XP level 3. HP: 33/33 MP: 2/2
  1001 | D:2      | You fall into a shaft and drop 1 floor!
  1322 | D:2      | Reached XP level 4. HP: 40/40 MP: 3/3
  1479 | D:3      | Noticed Grinder
  1501 | D:3      | Paralysed by Grinder for 4 turns
  1595 | D:3      | Killed Grinder
  1596 | D:3      | Reached XP level 5. HP: 7/47 MP: 4/4
  1596 | D:3      | Reached XP level 6. HP: 8/55 MP: 5/5
  1884 | D:3      | Identified the +0 leather armour of Memi {+Inv rF- rC+
                  | rN++}
  2338 | D:3      | Noticed Robin
  2346 | D:3      | Killed Robin
  2347 | D:3      | Reached skill level 5 in Armour
  2414 | D:3      | Identified the ring "Mecwef" {Fly rC+ rN++ Dex-2}
  2488 | D:3      | Noticed Sigmund
  2495 | D:3      | Reached skill level 5 in Fighting
  2495 | D:3      | Reached skill level 5 in Shields
  2532 | D:3      | Slain by Sigmund

Illustrated notes

Levels and vault maps discovered:
D:1:      eino_arrival_cavern_e, layout_loops_ring,
          shapermc_ecumenical_altar_hornbeckon
D:2:      layout_loops_ring
D:3:      mumra_celtic_spiral_tile, layout_basic, uniq_robin,
          uniq_crazy_yiuf_cottage, uniq_sigmund, uniq_grinder

Skill      XL: |  1  2  3  4  5  6 |
---------------+-------------------+-----
Dodging        | 1 2 |  2.9
Shields        | 4 5 |  5.0
Armour         | 4 5 |  5.0
Fighting       | 4 5 |  5.0
Polearms       | 3 4 |  4.2

Action                     |  1- 3 |  4- 6 || total
---------------------------+-------+-------++-------
  Melee: Trident           |   124 |   103 ||   227
         Headbutt          |    11 |    11 ||    22
 Armour: Scale mail        |    35 |       ||    35
         Plate armour      |    22 |    48 ||    70
  Dodge: Dodged            |    36 |    14 ||    50
  Block: Buckler           |    26 |    11 ||    37
